 Dungeon Crawl Stone Soup version 0.21-a0-584-g185da8e (webtiles) character file.

156 stormannn the Conjurer (level 5, -1/28 HPs)
             Began as a Gargoyle Wizard on Dec 22, 2017.
             Was an Initiate of Sif Muna.
             Slain by Blork the orc
             ... wielding a +0 scimitar
              (6 damage)
             ... on level 4 of the Dungeon.
             The game lasted 00:10:59 (4054 turns).

stormannn the Conjurer (Gargoyle Wizard)            Turns: 4054, Time: 00:11:00

Health: -1/28      AC:  8    Str: 11    XL:     5   Next: 38%
Magic:  6/10       EV: 11    Int: 18    God:    Sif Muna [......]
Gold:   156        SH:  0    Dex:  9    Spells: 7/11 levels left

rFire    . . .     SeeInvis .   i - +1 short sword (elec)
rCold    . . .     Gourm    .   (no shield)
rNeg     + . .     Faith    .   h - +0 leather armour {rPois}
rPois    ∞         Spirit   .   b - +0 hat
rElec    +         Reflect  .   r - +0 cloak
rCorr    +         Harm     .   (no gloves)
MR       .....                  (no boots)
Stlth    ++........             (no amulet)
HPRegen  0.09/turn              f - ring of resist corrosion
MPRegen  0.12/turn              (no ring)

@: no status effects
A: negative energy resistance 1, electricity resistance, unbreathing,
petrification resistance, rot immunity, AC +4
a: Renounce Religion


You were on level 4 of the Dungeon.
You worshipped Sif Muna.
Sif Muna was noncommittal.
You were not hungry.

You visited 2 branches of the dungeon, and saw 5 of its levels.

You collected 156 gold pieces.

Inventory:

Hand Weapons
 i - a +1 short sword of electrocution (weapon)
Armour
 a - a +0 robe
 b - a +0 hat (worn)
 h - a +0 leather armour of poison resistance (worn)
 r - a +0 cloak (worn)
Jewellery
 f - a ring of resist corrosion (left hand)
Wands
 u - a wand of polymorph (7)
Scrolls
 g - a scroll of immolation {unknown}
 k - 2 scrolls of teleportation {unknown}
 m - 2 scrolls of identify {unknown}
 n - a scroll of remove curse {unknown}
 p - 2 scrolls of fog {unknown}
 s - 2 scrolls of amnesia {unknown}
Potions
 e - a potion of agility
 j - a potion of invisibility {unknown}
 l - 2 potions of curing {unknown}
 o - 3 potions of degeneration {unknown}
 q - a potion of cancellation {unknown}
 t - a potion of heal wounds {unknown}
Books
 c - a book of Minor Magic

   Spells                             Type                      Level
   a - Magic Dart                     Conjuration                  1
   b - Blink                          Translocation                2
   c - Call Imp                       Summoning                    2
   d - Slow                           Hexes                        2
   e - Conjure Flame                  Conjuration/Fire             3
   f - Mephitic Cloud                 Conjuration/Poison/Air       3
Comestibles
 d - 6 rations
 v - 2 chunks of flesh


   Skills:
 - Level 1.5 Dodging
 - Level 3.6 Stealth
 + Level 3.7 Spellcasting
 * Level 3.9 Conjurations
   Level 0.8 Summonings
   Level 0.8 Translocations
 + Level 0.1 Air Magic
 + Level 0.3 Poison Magic


You had 7 spell levels left.
You knew the following spells:

 Your Spells              Type           Power        Failure   Level  Hunger
a - Magic Dart            Conj           ###.         4%          1    None
b - Mephitic Cloud        Conj/Pois/Air  #.......     32%         3    ###....


Dungeon Overview and Level Annotations

Branches:
Dungeon (4/15)             Temple (1/1) D:4

Altars:
Ashenzari
Dithmenos
Elyvilon
Kikubaaqudgha
Makhleb
Nemelex Xobeh
Okawaru
Qazlal
Ru
Sif Muna
Trog
Uskayaw
Wu Jian
Xom
Yredelemnul
The Shining One

Annotations:
D:3 chris0x's ghost, amateur DgAs
D:4 Blork the orc


Innate Abilities, Weirdness & Mutations

You are resistant to torment.
Your stone body is resilient. (AC +4)
You are immune to poison.
You resist negative energy. (rN+)
You are resistant to electric shocks. (rElec)
You can survive without breathing.
You are immune to petrification.
You are immune to rotting.


Message History

Blork the orc misses you.
You hit Blork the orc.
Blork the orc is severely wounded.
Blork the orc casts a spell at you. The puff of frost hits you!
* * * LOW HITPOINT WARNING * * *
Blork the orc closely misses you.
You hit Blork the orc but do no damage.
Blork the orc is severely wounded.
Blork the orc gestures at you while chanting.
The magic dart hits you!
Casting: Magic Dart
Confirm with . or Enter, or press ? or * to list all spells.
Aiming: Magic Dart
Press: ? - help, Shift-Dir - straight line, f/p - Blork the orc
Aim: Blork the orc, wielding a scimitar and wearing a robe (severely wounded, fast)
The magic dart hits Blork the orc.
Blork the orc is severely wounded.
Blork the orc hits you with a scimitar.
You die...

######## .########
#...>.>. ........#
#....... ........#
#.......
........#########.......
........................
........#########.......
#......@# #..)....
####...o.# ###.####
#.#...# #.# ...###...#
#.# # #.# #...# #.# ##
#.. #...######.###. ..
#..........##..
..........###..
#....##.....#


You could see Blork the orc.

Vanquished Creatures
  Ijyb (D:3)
  Terence (D:3)
  4 adders
  3 worms
  A dart slug (D:1)
  2 leopard geckos
  5 bats
  4 giant cockroaches
  9 goblins
  9 hobgoblins
  2 jackals (D:4)
  2 quokkas
  A ball python (D:3)
  A frilled lizard (D:1)
  7 kobolds
  A leopard gecko skeleton (D:4)
  6 rats
59 creatures vanquished.

Vanquished Creatures (others)
  4 toadstools (D:1)
4 creatures vanquished.

Grand Total: 63 creatures vanquished

Notes
Turn   | Place    | Note
-------+----------+-------------------------------------------
     0 | D:1      | stormannn the Gargoyle Wizard began the quest for the Orb.
     0 | D:1      | Reached XP level 1. HP: 10/10 MP: 4/4
     5 | D:1      | Found a sparkling altar of Nemelex Xobeh.
   295 | D:1      | Reached XP level 2. HP: 5/15 MP: 0/6
  1043 | D:1      | Reached XP level 3. HP: 19/19 MP: 4/7
  2284 | D:2      | Found a shimmering altar of Xom.
  2325 | D:2      | Reached XP level 4. HP: 24/24 MP: 3/9
  2539 | D:3      | Found a basalt altar of Yredelemnul.
  2600 | D:3      | Noticed Ijyb
  2601 | D:3      | Noticed Terence
  2616 | D:3      | Killed Ijyb
  2629 | D:3      | Killed Terence
  2629 | D:3      | Reached XP level 5. HP: 28/28 MP: 0/10
  2873 | D:3      | Noticed chris0x's ghost (amateur DgAs)
  3250 | D:3      | Learned a level 3 spell: Mephitic Cloud
  3604 | D:4      | Found a staircase to the Ecumenical Temple.
  3668 | Temple   | Entered the Ecumenical Temple
  3876 | Temple   | Became a worshipper of Sif Muna the Loreminder
  4041 | D:4      | Noticed Blork the orc
  4054 | D:4      | Slain by Blork the orc

Vault maps used:
D:1:      ldierk_walled_garden_2, nemelex_xobeh_ov_fountains_minmay
D:2:      xom_teletrap_fun
D:3:      lemuel_doored_altar, first_ration, uniq_ijyb, uniq_terence
D:4:      zin_angel, minmay_temple_entry_glassed_door,
          kennysheep_generic_room_7, uniq_blork_the_orc
Temple:   nicolae_temple_figure_eight

Skill      XL: |  1  2  3 |
---------------+----------+-----
Conjurations   | 2 3 |  3.9
Stealth        | 3 |  3.6
Dodging        | |  1.5
Spellcasting   | |  3.7
Summonings     | |  0.8
Translocations | |  0.8
Air Magic      | |  0.1
Poison Magic   | |  0.3

Action                   |  1- 3 |  4- 6 || total
-------------------------+-------+-------++-------
Melee: Unarmed           |    30 |       ||    30
       Short sword       |    29 |    66 ||    95
 Cast: Magic Dart        |    84 |    47 ||   131
  Use: Potion            |     1 |       ||     1
 Stab: Sleeping          |       |     3 ||     3
  Eat: Chunk             |     1 |     5 ||     6
       Ration            |     1 |       ||     1
Armor: Robe              |     8 |       ||     8
       Leather armour    |     7 |    23 ||    30
       Skin              |       |     6 ||     6
Dodge: Dodged            |    45 |    30 ||    75

Table legend:
 A = Spawn XP
 B = Non-spawn XP
 C = Spawn XP percentage of total XP
 D = Spawn monster count
 E = Non-spawn monster count
 F = Spawn count percentage of total count
 G = Total turns spent on level
                    A         B        C        D         E        F      G
               +---------+---------+-------+---------+---------+-------+---------
         Total |       0 |     224 |   0.0 |       0 |      59 |   0.0 |  4054
               +---------+---------+-------+---------+---------+-------+---------
           D:1 |       0 |      40 |   0.0 |       0 |      21 |   0.0 |  1758
           D:2 |       0 |      57 |   0.0 |       0 |      17 |   0.0 |   845
           D:3 |       0 |     120 |   0.0 |       0 |      17 |   0.0 |   980
           D:4 |       0 |       7 |   0.0 |       0 |       4 |   0.0 |   243
               +---------+---------+-------+---------+---------+-------+---------
